 Dungeon Crawl Stone Soup version 0.28.0-53-g5a82cb258f (webtiles) character file.

Game seed: 4355128047696298852

21 fuccboisucc420 the Conjurer (level 3, -1/24 HPs)
             Began as a Human Conjurer on July 19, 2022.
             Frozen to death by an endoplasm (2 damage)
             ... on level 2 of the Dungeon.
             The game lasted 00:02:54 (641 turns).

fuccboisucc420 the Conjurer (Human Conjurer)         Turns: 641, Time: 00:02:55

Health: -1/24      AC:  2    Str:  7    XL:     3   Next: 5%
Magic:  1/6        EV: 12    Int: 20    God:
Gold:   22         SH:  0    Dex: 11    Spells: 5/6 levels left

rFire   . . .      SeeInvis .   (no weapon)
rCold   . . .      Faith    .   (no shield)
rNeg    . . .      Spirit   .   a - +0 robe
rPois   .          Reflect  .   (no helmet)
rElec   .          Harm     .   (no cloak)
rCorr   .          Rampage  .   (no gloves)
Will    .....                   (no boots)
Stlth   ++........              (no amulet)
HPRegen 0.08/turn               (no ring)
MPRegen 0.10/turn               (no ring)

@: no status effects
A: no striking features
a: no special abilities


You were on level 2 of the Dungeon.
You visited 1 branch of the dungeon, and saw 2 of its levels.

You collected 22 gold pieces.

Inventory:

Armour
 a - a +0 robe (worn)
Scrolls
 b - a scroll of acquirement {unknown}
Potions
 c - a potion of resistance {unknown}


   Skills:
 + Level 0.2 Fighting
 + Level 2.1 Dodging
 + Level 2.0 Stealth
 + Level 2.1 Spellcasting
 + Level 4.5 Conjurations


You had 5 spell levels left.
You knew the following spells:

 Your Spells              Type           Power      Damage    Failure   Level
a - Magic Dart            Conj           80%        1d7       2%          1

Your spell library contained the following spells:

 Spells                   Type           Power      Damage    Failure   Level
 Searing Ray              Conj           40%        2d5       3%          2
 Dazzling Flash           Conj/Hex       22%        N/A       19%         3
 Fulminant Prism          Conj/Hex       5%         3d7       52%         4
 Iskenderun's Mystic Bla  Conj/Tloc      11%        2d4       52%         4


Dungeon Overview and Level Annotations

Branches:
Dungeon (2/15)

Altars:


Message History

The magic dart hits the jackal.
The jackal is almost dead.
The jackal bites you.
* * * LOW HITPOINT WARNING * * *
The jackal bites you but does no damage.
You barely miss the jackal.
The jackal is almost dead.
The jackal misses you. The jackal bites you.
* * * LOW HITPOINT WARNING * * *
Casting: Magic Dart (safe; 2% risk of failure)
Confirm with . or Enter, or press ? or * to list all spells.
Aiming: Magic Dart (safe; 2% risk of failure)
Press: ? - help, Shift-Dir - straight line, f/p - endoplasm
Aim: an endoplasm (severely wounded, 100% to hit)
The magic dart hits the jackal.
You kill the jackal!
Casting: Magic Dart (safe; 2% risk of failure)
Confirm with . or Enter, or press ? or * to list all spells.
Aiming: Magic Dart (safe; 2% risk of failure)
Press: ? - help, Shift-Dir - straight line, f/p - endoplasm
Aim: an endoplasm (severely wounded, 100% to hit)
The magic dart hits the endoplasm but does no damage.
The endoplasm is severely wounded.
The endoplasm freezes you.
You are frozen.
* * * LOW HITPOINT WARNING * * *
There is a stone staircase leading down here.
The endoplasm freezes you.
You are frozen.
* * * LOW HITPOINT WARNING * * *
You climb downwards.
Found a stone staircase leading down.
There is a stone staircase leading up here.
Casting: Magic Dart (safe; 2% risk of failure)
Confirm with . or Enter, or press ? or * to list all spells.
You don't have enough magic to cast this spell.
A worm comes into view.
The endoplasm freezes you.
You are frozen.
You die...

.......#..
w....8.#..
.......#..
.......#.#
.......#.#
...>...#.#
.......#J#
.....8.@<#
.......###
######. #.
#. #. #.
#.


You could see a worm (asleep) and an endoplasm.

Vanquished Creatures
  A ball python (D:1)
  2 giant cockroaches (D:1)
  2 goblins (D:1)
  2 hobgoblins (D:1)
  6 jackals (D:1)
  A bat (D:1)
  4 rats (D:1)
18 creatures vanquished.

Notes
Turn   | Place    | Note
-------+----------+-------------------------------------------
     0 | D:1      | fuccboisucc420 the Human Conjurer began the quest for the
                  | Orb.
     0 | D:1      | Reached XP level 1. HP: 13/13 MP: 3/3
   239 | D:1      | Reached XP level 2. HP: 15/19 MP: 0/5
   463 | D:1      | Found a faded altar of an unknown god.
   605 | D:1      | Reached XP level 3. HP: 20/24 MP: 1/6
   632 | D:1      | HP: 1/24 [frozen (5)]
   639 | D:1      | HP: 1/24 [frozen (1)]
   641 | D:2      | Frozen to death by an endoplasm

Illustrated notes

Levels and vault maps discovered:
D:1:      lightli_arrival_chessboard, layout_rooms, basic_ecumenical_altar,
          minmay_misc_feat_plants
D:2:      layout_basic, grunt_decor_junction, st_stairs_1,
          kennysheep_small_spiral, kennysheep_nondescript,
          kennysheep_generic_room_2

Action                   || total
-------------------------++-------
Melee: Unarmed           ||     7
 Cast: Magic Dart        ||    34
  Use: Scroll            ||     1
Armor: Robe              ||    10
Dodge: Dodged            ||    37
